 Dungeon Crawl Stone Soup version 0.30.1-9-gdf580d7c3d (webtiles) character file.

Game seed: 4359175040336215698

21 Peloso the Trooper (level 2, 27/27 HPs)
             Began as a Minotaur Fighter on Oct 20, 2023.
             Got out of the dungeon alive.
             The game lasted 00:01:15 (788 turns).

Peloso the Trooper (Minotaur Fighter)                Turns: 788, Time: 00:01:16

Health: 27/27      AC:  7    Str: 20    XL:     2   Next: 65%
Magic:  1/1        EV:  9    Int:  3    God:
Gold:   19         SH:  4    Dex:  9    Spells: 1/1 levels left

rFire   . . .        a - +0 long sword
rCold   . . .        c - +0 buckler
rNeg    . . .        b - +0 scale mail
rPois   .            (helmet restricted)
rElec   .            (no cloak)
rCorr   .            (no gloves)
SInv    .            (no boots)
Will    .....        (no amulet) Stlth
                     (no ring)
HPRegen 0.24/turn    (no ring)
MPRegen 0.07/turn

%: no passive effects
@: no status effects
A: horns 2, retaliatory headbutt, dopey 1
a: no special abilities


You escaped.
You visited 1 branch of the dungeon, and saw 1 of its levels.

You collected 19 gold pieces.

Inventory:

Hand Weapons
 a - a +0 long sword (weapon)
Armour
 b - a +0 scale mail (worn)
 c - a +0 buckler (worn)
Potions
 d - a potion of might
 g - 2 potions of degeneration {unknown}
 h - a potion of ambrosia {unknown}
 j - a potion of lignification {unknown}


   Skills:
 + Level 4.3 Fighting
 + Level 2.4 Long Blades
 + Level 3.9 Armour
 + Level 4.0 Shields


You had one spell level left.
You didn't know any spells.
Your spell library was empty.

Dungeon Overview and Level Annotations

Branches:
Dungeon (1/15)

Altars:


Innate Abilities, Weirdness & Mutations

You have a pair of horns on your head.
You reflexively headbutt those who attack you in melee.
You are dopey. (Int -2)


Message History

The kobold shouts!
The kobold moves out of view.
There is an open door here.
A kobold is nearby!
A kobold is nearby!
You block the kobold's attack.
You closely miss the kobold.
The kobold hits you with a +0 short sword. x2
You hit the kobold but do no damage. Your headbutt misses the kobold.
The kobold hits you but does no damage.
You hit the kobold.
You kill the kobold!
You see here a +0 short sword.
g - 2 fizzy white potions (gained 1) Done exploring.
Done exploring.
Done exploring.
Done exploring.
As you read the scroll labelled ETHUUBRUEK, it crumbles to dust.
You assume a fearsome visage.
Nothing appears to happen.
It was a scroll of fear.
As you read the scroll labelled YGI FAIBBA, it crumbles to dust.
You feel strangely unstable.
It was a scroll of teleportation.
Unknown command.
Your surroundings suddenly seem different.
It was a potion of mutation.
You feel extremely strange.
You feel resistant to poisons.
You feel less in control of your magic.
Really quaff the potion of mutation?
You feel extremely strange.
You feel less resistant to poisons.
You regain control of your magic.
You feel stupid.
(D) Dungeon
Where to? (? - help)
What level of the Dungeon? (default 1, ? - help)
There is an open door here.
There is a fountain of clear blue water here.
There is an open door here.
There is a staircase leading out of the dungeon here.
Are you sure you want to leave the Dungeon?
This will make you lose the game!
You have escaped!

#.# #######.....#.###[......
#.####### #####.#...#.......
#.......# #.#.#.#.......
...####.# #.###.#.......
...'.##.# #.....#.......
...#)##.##################...>...
...#.##.#...............##.######
...#.##.#.8.8.#+#'#.8.8.##.#
...#....#..8..#.@.#..8..##.#
...######.8.8.#####.8.8.##.# ...#
#...............##.# ...#
###...⌠...⌠...####.# ...###
##....8....###.#.# .....#
##.⌠...⌠.##...#.# ####.#
##.....###.#.#.# #.#
###'###...#.#.# #.# #.....#...#.#


There were no monsters in sight!

Vanquished Creatures
  A dart slug (D:1)
  5 bats (D:1)
  2 endoplasms (D:1)
  A giant cockroach (D:1)
  2 goblins (D:1)
  3 kobolds (D:1)
  2 ball pythons (D:1)
  A rat (D:1)
17 creatures vanquished.

Notes
Turn   | Place    | Note
-------+----------+-------------------------------------------
     0 | D:1      | Peloso the Minotaur Fighter began the quest for the Orb.
     0 | D:1      | Reached XP level 1. HP: 19/19 MP: 0/0
   131 | D:1      | Found a faded altar of an unknown god.
   253 | D:1      | Reached XP level 2. HP: 27/27 MP: 1/1
   723 | D:1      | Gained mutation: Your system is resistant to poisons.
                  | (rPois) [potion of mutation]
   723 | D:1      | Gained mutation: Your spells are a little harder to cast,
                  | but a little more powerful. [potion of mutation]
   724 | D:1      | Lost mutation: Your system is resistant to poisons. (rPois)
                  | [potion of mutation]
   724 | D:1      | Lost mutation: Your spells are a little harder to cast, but
                  | a little more powerful. [potion of mutation]
   724 | D:1      | Gained mutation: You are dopey. (Int -2) [potion of
                  | mutation]
   788 | D:$      | Got out of the dungeon alive.

Illustrated notes

Levels and vault maps discovered:
D:1:      ncdulo_halloftheorcs, layout_basic, shapermc_ecumenical_altar_gd

Skill      XL: |  1  2 |
---------------+-------+-----
Fighting       | 4 |  4.3
Shields        | 4 |  4.0
Long Blades    | |  2.4
Armour         | |  3.9

Action                     || total
---------------------------++-------
  Melee: Long sword        ||    28
         Headbutt          ||     3
    Use: Scroll            ||     2
         Potion            ||     2
 Armour: Scale mail        ||    20
  Dodge: Dodged            ||    26
  Block: Buckler           ||     8
